 Dungeon Crawl Stone Soup version 0.29-a0-356-g7bc237e783 (webtiles) character file.

Game seed: 14642939251145308057

332 dolemite99 the Caller (level 6, -2/44 HPs)
             Began as a Gnoll Summoner on Apr 26, 2022.
             Slain by a bullfrog (3 damage)
             ... in a sewer.
             The game lasted 00:07:04 (5521 turns).

dolemite99 the Caller (Gnoll Summoner)              Turns: 5521, Time: 00:07:04

Health: -2/44      AC:  4    Str:  7    XL:     6   Next: 52%
Magic:  3/14       EV: 13    Int: 17    God:
Gold:   169        SH:  0    Dex: 12    Spells: 6/15 levels left

rFire   . . .      SeeInvis .   h - +0 hand axe
rCold   . . .      Faith    .   (no shield)
rNeg    . . .      Spirit   .   a - +0 robe
rPois   .          Reflect  .   (no helmet)
rElec   .          Harm     .   z - +1 cloak
rCorr   .          Rampage  .   (no gloves)
Will    .....                   (no boots)
Stlth   ++........              (no amulet)
HPRegen 0.14/turn               (no ring)
MPRegen 0.14/turn               (no ring)

@: lethally poisoned (-2 -> -3), hasted, slow
A: fangs 1, strong nose, distributed training
a: no special abilities


You were in a sewer.
You visited 1 branch of the dungeon, and saw 4 of its levels.
You also visited: Sewer.

You collected 169 gold pieces.

Inventory:

Hand Weapons
 c - a +0 spear
 h - a +0 hand axe (weapon)
 A - a +4 quarterstaff of chaos
Missiles
 g - 86 stones
 i - 3 boomerangs of dispersal
 r - 5 poisoned darts
Armour
 a - a +0 robe (worn)
 z - a +1 cloak (worn)
Magical Staves
 l - a staff of conjuration
Jewellery
 j - a ring of flight
 s - an amulet of magic regeneration
Wands
 y - a wand of polymorph (3)
Scrolls
 d - a scroll of noise {unknown}
 e - a scroll of immolation {unknown}
 f - 2 scrolls of identify {@r1}
 k - a scroll of magic mapping {unknown}
 n - 2 scrolls of teleportation {unknown}
 u - a scroll of vulnerability {unknown}
 w - a scroll of fear {unknown}
Potions
 m - 2 potions of flight {unknown}
 o - a potion of resistance {unknown}
 p - a potion of curing {unknown}
 q - a potion of attraction {unknown}
 v - a potion of lignification {unknown}
 x - a potion of brilliance {unknown}
 B - a potion of haste


   Skills:
 + Level 2.0 Fighting
 + Level 2.0 Short Blades
 + Level 2.0 Long Blades
 + Level 2.0 Axes
 + Level 2.0 Maces & Flails
 + Level 2.0 Polearms
 + Level 2.0 Staves
 + Level 2.0 Slings
 + Level 2.0 Bows
 + Level 2.0 Crossbows
 + Level 2.0 Throwing
 + Level 2.0 Armour
 + Level 5.0 Dodging
 + Level 4.6 Stealth
 + Level 2.0 Shields
 + Level 2.0 Unarmed Combat
 + Level 5.4 Spellcasting
 + Level 1.5 Conjurations
 + Level 1.5 Hexes
 + Level 7.3 Summonings
 + Level 1.5 Necromancy
 + Level 1.5 Translocations
 + Level 1.5 Transmutations
 + Level 1.5 Fire Magic
 + Level 1.5 Ice Magic
 + Level 1.5 Air Magic
 + Level 1.5 Earth Magic
 + Level 1.5 Poison Magic
 + Level 2.2 Invocations
 + Level 2.0 Evocations


You had 6 spell levels left.
You knew the following spells:

 Your Spells              Type           Power      Damage    Failure   Level
a - Summon Small Mammal   Summ           100%       N/A       1%          1
b - Call Imp              Summ           29%        N/A       1%          2
c - Call Canine Familiar  Summ           29%        N/A       1%          3
d - Summon Guardian Gole  Hex/Summ       19%        N/A       7%          3

Your spell library contained the following spells:

 Spells                   Type           Power      Damage    Failure   Level
 Corpse Rot               Necr/Air       18%        N/A       11%         2
 Poisonous Vapours        Pois/Air       18%        N/A       11%         2
 Summon Lightning Spire   Summ/Air       19%        N/A       22%         4


Dungeon Overview and Level Annotations

Branches:
Dungeon (4/15)              Sewer (1/1)
 Temple: D:4-7

Altars:
Trog
The Shining One


Innate Abilities, Weirdness & Mutations

You have very sharp teeth.
Your uncanny sense of smell can sniff out nearby items.
Your experience applies equally to all skills.


Message History

The frilled lizard bites you but does no damage.
Your hound bites the adder.
The bullfrog closely misses you. The ball python bites your shadow imp.
The ball python grabs your shadow imp.
The ball python constricts your shadow imp.
The adder bites your shadow imp.
Your shadow imp is poisoned.
The adder poisons your shadow imp!
The ball python bites your shadow imp but does no damage.
Your shadow imp barely misses the adder.
The frilled lizard barely misses you.
Your hound splashes around in the water.
The bullfrog closely misses you. The ball python bites your shadow imp.
The ball python constricts your shadow imp.
The bullfrog hits you.
As you read the scroll of identify {@r1}, it crumbles to dust.
B - 2 potions of haste You feel sick.
Your shadow imp dies!
Your shadow imp disappears in a puff of smoke!
The ball python closely misses your hound.
The ball python grabs your hound. The ball python constricts your hound.
The bullfrog hits you but does no damage.
The bullfrog closely misses you. The frilled lizard closely misses you.
The adder bites you.
You feel yourself speed up.
You feel sick. The bullfrog hits you.
* * * LOW HITPOINT WARNING * * *
The bullfrog barely misses you.
The ball python loses its grip on your hound.
The adder bites you.
* * * LOW HITPOINT WARNING * * *
Your hound bites the adder.
The adder dies!
The frilled lizard bites you but does no damage.
The ball python bites you but does no damage.
The ball python barely misses you.
The bullfrog hits you but does no damage.
The bullfrog hits you!
* * * LOW HITPOINT WARNING * * *
The bullfrog attacks as you move away! The bullfrog hits you.
You die...

####.........####
##...............##
#....÷....#.......#
##......##+##.....÷##
#......##∆∆ ##......#
##.≈≈≈.# ∆∆ #....÷.#
#≈≈≈≈≈≈# #≈≈≈≈≈≈#
#≈≈S≈≈≈# #≈≈≈≈≈≈#
#≈≈F@≈≈# #≈≈≈≈≈≈#
#≈≈SlF≈# #≈≈≈≈≈≈#
#≈Jh†≈≈# #≈≈≈≈≈≈#
#≈≈≈≈≈≈# #≈.≈.≈##
#≈≈#≈≈≈# #≈...≈≈#
#≈.≈≈≈≈# ##≈..≈##
#≈†≈≈≈≈# #≈≈≈≈≈≈#
#≈≈#≈≈≈# #≈≈≈≈≈≈#
#≈#≈≈≈≈# #≈≈≈≈≈≈#


You could see 2 bullfrogs, an endoplasm, 2 ball pythons, a frilled lizard and a
friendly hound (summoned).

Vanquished Creatures
  Crazy Yiuf (D:3)
  An orc priest (D:3)
  5 ball pythons
  2 endoplasms
  A goblin (D:4)
  A hobgoblin (D:3)
  A kobold (D:1)
  A quokka (D:1)
  A frilled lizard (D:3)
  3 rats
17 creatures vanquished.

Vanquished Creatures (collateral kills)
  A jelly (D:3)
  6 adders
  8 river rats (Sewer)
  3 orcs (D:3)
  15 ball pythons
  8 bats
  3 endoplasms
  5 giant cockroaches
  5 goblins
  5 hobgoblins
  4 jackals (D:3)
  2 kobolds
  8 frilled lizards
  25 rats
98 creatures vanquished.

Vanquished Creatures (others)
  A river rat (Sewer)
  2 ball pythons (Sewer)
  A fungus (D:3)
4 creatures vanquished.

Grand Total: 119 creatures vanquished

Notes
Turn   | Place    | Note
-------+----------+-------------------------------------------
     0 | D:1      | dolemite99 the Gnoll Summoner began the quest for the Orb.
     0 | D:1      | Reached XP level 1. HP: 13/13 MP: 6/6
   298 | D:1      | Reached XP level 2. HP: 17/19 MP: 4/7
   844 | D:1      | Learned a level 2 spell: Call Imp
  1238 | D:1      | Reached XP level 3. HP: 21/25 MP: 7/9
  1332 | D:1      | Reached skill level 5 in Spellcasting
  1679 | D:2      | Found a bloodstained altar of Trog.
  1889 | D:2      | Reached skill level 1 in Invocations
  2085 | D:3      | Learned a level 3 spell: Call Canine Familiar
  2158 | D:3      | Reached skill level 1 in Fighting
  2158 | D:3      | Reached skill level 1 in Short Blades
  2158 | D:3      | Reached skill level 1 in Long Blades
  2158 | D:3      | Reached skill level 1 in Axes
  2158 | D:3      | Reached skill level 1 in Maces & Flails
  2158 | D:3      | Reached skill level 1 in Polearms
  2158 | D:3      | Reached skill level 1 in Staves
  2158 | D:3      | Reached skill level 1 in Slings
  2158 | D:3      | Reached skill level 1 in Bows
  2158 | D:3      | Reached skill level 1 in Crossbows
  2158 | D:3      | Reached skill level 1 in Throwing
  2158 | D:3      | Reached skill level 1 in Armour
  2158 | D:3      | Reached skill level 1 in Shields
  2158 | D:3      | Reached skill level 1 in Unarmed Combat
  2158 | D:3      | Reached skill level 1 in Evocations
  2514 | D:3      | Learned a level 3 spell: Summon Guardian Golem
  2530 | D:3      | Reached XP level 4. HP: 32/32 MP: 4/11
  2741 | D:3      | Reached skill level 1 in Conjurations
  2741 | D:3      | Reached skill level 1 in Hexes
  2741 | D:3      | Reached skill level 1 in Necromancy
  2741 | D:3      | Reached skill level 1 in Translocations
  2741 | D:3      | Reached skill level 1 in Transmutations
  2741 | D:3      | Reached skill level 1 in Fire Magic
  2741 | D:3      | Reached skill level 1 in Ice Magic
  2741 | D:3      | Reached skill level 1 in Air Magic
  2741 | D:3      | Reached skill level 1 in Earth Magic
  2741 | D:3      | Reached skill level 1 in Poison Magic
  3037 | D:3      | Reached XP level 5. HP: 37/37 MP: 9/12
  3351 | D:3      | Found a glowing golden altar of the Shining One.
  3410 | D:3      | Found a runed translucent door.
  3411 | D:3      | Noticed Crazy Yiuf
  3437 | D:3      | Killed Crazy Yiuf
  4015 | D:4      | Found a glowing drain.
  4031 | Sewer    | Entered a sewer
  4519 | Sewer    | Reached XP level 6. HP: 44/44 MP: 7/13
  5006 | Sewer    | Reached skill level 5 in Dodging
  5520 | Sewer    | HP: 1/44 [bullfrog (8)]
  5521 | Sewer    | Slain by a bullfrog

Illustrated notes

Levels and vault maps discovered:
D:1:      eino_arrival_cavern_a, layout_loops_cross
D:2:      layout_rooms, basic_altar
D:3:      layout_loops_ring, tso_altar, uniq_crazy_yiuf_cottage
D:4:      layout_loops_corners, vehumet_altar_wand_db,
          nicolae_overflow_hidden_temple, portal_sewer_entry_a, serial_shops,
          shop
Sewer:    sewer_minmay_w

Skill      XL: |  1  2  3  4  5  6 |
---------------+-------------------+-----
Spellcasting   | 5 |  5.4
Invocations    | 1 2 |  2.2
Fighting       | 1 2 |  2.0
Short Blades   | 1 2 |  2.0
Long Blades    | 1 2 |  2.0
Axes           | 1 2 |  2.0
Maces & Flails | 1 2 |  2.0
Polearms       | 1 2 |  2.0
Staves         | 1 2 |  2.0
Slings         | 1 2 |  2.0
Bows           | 1 2 |  2.0
Crossbows      | 1 2 |  2.0
Throwing       | 1 2 |  2.0
Armour         | 1 2 |  2.0
Shields        | 1 2 |  2.0
Unarmed Combat | 1 2 |  2.0
Evocations     | 1 2 |  2.0
Conjurations   | 1 |  1.5
Hexes          | 1 |  1.5
Necromancy     | 1 |  1.5
Translocations | 1 |  1.5
Transmutations | 1 |  1.5
Fire Magic     | 1 |  1.5
Ice Magic      | 1 |  1.5
Air Magic      | 1 |  1.5
Earth Magic    | 1 |  1.5
Poison Magic   | 1 |  1.5
Dodging        | 5 |  5.0
Stealth        | |  4.6
Summonings     | |  7.3

Action                   |  1- 3 |  4- 6 || total
-------------------------+-------+-------++-------
Melee: Spear             |    10 |       ||    10
       Bite              |     5 |     4 ||     9
       Hand axe          |    18 |    29 ||    47
       Unarmed           |       |     5 ||     5
 Cast: Summon Small Mamm |    26 |    23 ||    49
       Call Imp          |    10 |    15 ||    25
       Call Canine Famil |     6 |    15 ||    21
       Summon Guardian G |       |    11 ||    11
  Use: Potion            |       |     4 ||     4
       Scroll            |       |     2 ||     2
 Stab: Distracted        |     1 |     1 ||     2
       Sleeping          |       |     2 ||     2
Armor: Robe              |    14 |    36 ||    50
Dodge: Dodged            |    69 |   113 ||   182

Table legend: (Time is in decaauts)
 A = Elapsed time spent in this place.
 B = Non-inter-level travel time spent in this place.
 C = Inter-level travel time spent in this place.
 D = Time resting spent in this place.
 E = Time spent auto-exploring this place.
 F = Levels seen in this place.
 G = Mean time per level.
                   A        B        C        D        E       F      G
               +--------+--------+--------+--------+--------+-----+--------+
         Total |   5594 |   5468 |    126 |   2225 |   2090 |   5 | 1118.8 |
       Dungeon |   4039 |   3913 |    126 |   1241 |   1828 |   4 | 1009.8 |
         Sewer |   1554 |   1554 |      0 |    984 |    262 |   1 | 1554.0 |
               +--------+--------+--------+--------+--------+-----+--------+

Top non-repeatable levels by time:
     D:3: 1931 daAuts
     D:1: 1583 daAuts
   Sewer: 1554 daAuts
     D:2: 434 daAuts
     D:4: 90 daAuts
